 Dungeon Crawl Stone Soup version 0.29.0-4-gdea44cf6ec (webtiles) character file.

Game seed: 3365916722807347934

4989 qw the Grappler (level 10, -16/96 HPs)
             Began as a Troll Cinder Acolyte on Aug 31, 2022.
             Was a Believer of Ignis.
             Demolished by a skeletal warrior
             ... wielding a +0 flail
              (23 damage)
             ... on level 8 of the Dungeon.
             The game lasted 00:03:23 (5737 turns).

qw the Grappler (Troll Cinder Acolyte)              Turns: 5737, Time: 00:03:23

Health: -16/96     AC: 12    Str: 28    XL:     10   Next: 29%
Magic:  10/10      EV: 13    Int: 10    God:    Ignis [**....]
Gold:   1648       SH:  5    Dex:  5    Spells: 11/11 levels left

rFire   + . .      SeeInvis .     - Unarmed
rCold   . . .      Faith    .   (no shield)
rNeg    . . .      Spirit   .   a - +0 robe
rPois   .          Reflect  +   (helmet restricted)
rElec   .          Harm     .   o - +0 cloak
rCorr   .          Rampage  .   (gloves unavailable)
Will    +....                   (boots unavailable)
Stlth   +.........              j - amulet of reflection
HPRegen 1.06/turn               q - ring of willpower
MPRegen 0.12/turn               p - +4 ring of evasion

@: about to teleport, fiery-armoured
A: large, unfitting armour, claws 3, regeneration 1, shaggy fur 1, tough skin 1
a: Renounce Religion, Fiery Armour, Foxfire Swarm, Rising Flame


You were on level 8 of the Dungeon.
You worshipped Ignis.
Ignis was pleased with you.
You visited 1 branch of the dungeon, and saw 8 of its levels.
You also visited: Ossuary.

You collected 1648 gold pieces.


Innate Abilities, Weirdness & Mutations

You are too large for most types of armour.
You have claws for hands.
Your natural rate of healing is unusually fast.
You are covered in fur. (AC +1)
You have tough skin. (AC +1)


   Skills:
 - Level 5.0 Fighting
 - Level 4.9 Throwing
 - Level 1.2 Armour
 - Level 1.1 Dodging
 + Level 13.1 Unarmed Combat
 - Level 1.0 Spellcasting
 - Level 2.1 Fire Magic


You had 11 spell levels left.
You didn't know any spells.
Your spell library contained the following spells:

 Spells                   Type           Power      Damage    Failure   Level
 Scorch                   Fire           8%         2d5       22%         2

Inventory:

Missiles
 d - a silver boomerang (quivered)
Armour
 a - a +0 robe (worn)
 o - a +0 cloak (worn)
Jewellery
 j - an amulet of reflection (around neck)
 p - a +4 ring of evasion (right claw)
 q - a ring of willpower (left claw)
 Y - a ring of positive energy
Scrolls
 e - 4 scrolls of teleportation
 h - 2 scrolls of identify
Potions
 b - 3 potions of mutation
 c - 3 potions of haste
 f - 2 potions of resistance
 i - a potion of might
 l - 4 potions of curing

Dungeon Overview and Level Annotations

Branches:
Dungeon (8/15)             Temple (0/1) D:5         Ossuary (visited)
   Lair: D:8-11

Altars:
Fedhas
Hepliaklqana
Nemelex Xobeh
Okawaru
Qazlal
Ru
Uskayaw
Xom
The Shining One

Shops:
D:4 :


Message History

The skeletal warrior is lightly damaged.
The skeletal warrior hits you with a +0 flail!
5727 ||| INVOKING Fiery Armour.
A protective cloak of flame settles atop you.
The skeletal warrior hits you with a +0 flail!
You barely miss the skeletal warrior.
You claw the skeletal warrior, but do no damage.
The skeletal warrior is lightly damaged.
The skeletal warrior barely misses you.
You claw the skeletal warrior!
The skeletal warrior is lightly damaged.
The skeletal warrior misses you.
You scratch the skeletal warrior but do no damage.
The skeletal warrior is lightly damaged.
You scratch the skeletal warrior but do no damage.
The skeletal warrior is lightly damaged.
The skeletal warrior hits you with a +0 flail!
The skeletal warrior is burned by your cloak of flames.
The skeletal warrior is lightly damaged.
A wraith comes into view.
5732 ||| Stepping ~*~*~tactically~*~*~ (stealth).
Things that are here:
a +2 hand axe; a +0 robe You closely miss the skeletal warrior.
The skeletal warrior is lightly damaged.
The skeletal warrior hits you but does no damage.
You scratch the skeletal warrior but do no damage.
The skeletal warrior is lightly damaged.
The skeletal warrior hits you but does no damage.
You scratch the skeletal warrior.
The skeletal warrior is moderately damaged.
You completely miss the skeletal warrior.
Your claw misses the skeletal warrior.
The skeletal warrior is moderately damaged.
The skeletal warrior hits you with a +0 flail!!
5737 ||| READING 5 scrolls of teleportation.
As you read the scroll of teleportation, it crumbles to dust.
You feel strangely unstable.
The skeletal warrior hits you with a +0 flail!!
You die...

#..# ## #. #..#
.. .# #..# .. .#
#..# .. W# #..
## .# #.##
#z##..# #)#@..#
#z#..# +#
#..#..# .#
..###########..#
.#
...............#
.#
##...#.########
.#
###+##........#
.+
#.....'.......#
.#
#.....#.......#


You could see a skeletal warrior.

Vanquished Creatures
  2 two-headed ogres
  Joseph (D:8)
  Prince Ribbit (D:6)
  2 wyverns
  Edmund (D:4)
  Menkaure (D:6)
  2 water moccasins
  2 black bears
  2 sky beasts
  An ice beast (D:7)
  An ogre (D:5)
  2 centaurs
  A kobold brigand (D:8)
  2 gnoll sergeants
  An elf zombie (Ossuary)
  A bullfrog (D:6)
  2 necrophages
  4 scorpions
  5 wights (D:8)
  5 killer bees (D:8)
  A howler monkey (D:6)
  A human zombie (Ossuary)
  4 orc priests
  4 hounds
  A gnoll bouda (D:6)
  An orc wizard (D:8)
  2 iguanas
  3 mummies
  11 gnolls
  8 adders
  An ufetubus (D:5)
  A worm (D:3)
  3 dart slugs
  17 orcs
  6 ball pythons
  8 endoplasms
  3 giant cockroaches
  4 gnoll zombies (Ossuary)
  5 goblins
  6 hobgoblins
  7 jackals
  3 quokkas
  A bat (D:3)
  2 frilled lizards
  4 goblin zombies (Ossuary)
  3 hobgoblin zombies (Ossuary)
  8 kobolds
  3 orc zombies
  5 rats
165 creatures vanquished.

Vanquished Creatures (others)
  4 fungi (D:6)
4 creatures vanquished.

Grand Total: 169 creatures vanquished

Notes
Turn   | Place    | Note
-------+----------+-------------------------------------------
     0 | D:1      | qw the Troll Cinder Acolyte began the quest for the Orb.
     0 | D:1      | Reached XP level 1. HP: 22/22 MP: 1/1
     0 | D:1      | 0 ||| qw: Version: 0.1-a-97-g2dd2ca4
     0 | D:1      | 0 ||| qw: Game counter: 4663
     0 | D:1      | 0 ||| qw: Always use a shield: true
     0 | D:1      | 0 ||| qw: God list: Okawaru
     0 | D:1      | 0 ||| qw: Allow faded altars: false
     0 | D:1      | 0 ||| qw: Do Orc after D:15 true
     0 | D:1      | 0 ||| qw: Do second Lair branch before Depths: true
     0 | D:1      | 0 ||| qw: Lair rune preference: random
     0 | D:1      | 0 ||| qw: Plans: Normal
     0 | D:1      | 0 ||| PLANNING D:1-11
    84 | D:1      | 84 ||| Stepping ~*~*~tactically~*~*~ (stealth).
    85 | D:1      | 85 ||| Stepping ~*~*~tactically~*~*~ (stealth).
    89 | D:1      | 89 ||| Stepping ~*~*~tactically~*~*~ (stealth).
    94 | D:1      | Reached XP level 2. HP: 29/29 MP: 2/2
   120 | D:1      | 120 ||| Stepping ~*~*~tactically~*~*~ (stealth).
   122 | D:1      | 122 ||| Stepping ~*~*~tactically~*~*~ (stealth).
   129 | D:1      | 129 ||| Stepping ~*~*~tactically~*~*~ (outnumbered).
   131 | D:1      | 131 ||| Stepping ~*~*~tactically~*~*~ (outnumbered).
   132 | D:1      | 132 ||| Stepping ~*~*~tactically~*~*~ (outnumbered).
   133 | D:1      | 133 ||| Stepping ~*~*~tactically~*~*~ (outnumbered).
   134 | D:1      | 134 ||| Stepping ~*~*~tactically~*~*~ (outnumbered).
   230 | D:1      | Reached skill level 4 in Unarmed Combat
   412 | D:1      | 412 ||| READING 2 scrolls labelled DUPIEV MAYMAANU.
   415 | D:1      | 415 ||| READING scroll labelled IRUENO KUTWUI.
   416 | D:1      | 416 ||| READING scroll labelled OZOUTZANIDI.
   497 | D:2      | Reached XP level 3. HP: 36/36 MP: 3/3
   502 | D:2      | 502 ||| Stepping ~*~*~tactically~*~*~ (outnumbered).
   503 | D:2      | 503 ||| Stepping ~*~*~tactically~*~*~ (outnumbered).
   660 | D:2      | 660 ||| Stepping ~*~*~tactically~*~*~ (stealth).
   673 | D:2      | 673 ||| Stepping ~*~*~tactically~*~*~ (stealth).
   748 | D:2      | Found a hazy altar of Hepliaklqana.
   832 | D:2      | Found a faded altar of an unknown god.
   901 | D:2      | 901 ||| UPGRADING to ring of positive energy.
   902 | D:2      | 902 ||| READING 3 scrolls labelled JYESCH DICOSA.
   903 | D:2      | 903 ||| READING scroll labelled QOBAGR WOLET.
   904 | D:2      | 904 ||| DRINKING 2 black potions.
  1005 | D:2      | 1005 ||| READING 2 scrolls of identify.
  1005 | D:2      | 1005 ||| IDENTIFYING coppery potion
  1006 | D:2      | 1006 ||| DROPPING potion of attraction.
  1007 | D:2      | 1007 ||| DROPPING potion of ambrosia.
  1013 | D:3      | 1013 ||| STAIRDANCE
  1021 | D:3      | 1021 ||| Stepping ~*~*~tactically~*~*~ (outnumbered).
  1034 | D:3      | 1034 ||| Stepping ~*~*~tactically~*~*~ (stealth).
  1035 | D:3      | 1035 ||| Stepping ~*~*~tactically~*~*~ (hiding).
  1041 | D:3      | 1041 ||| INVOKING Fiery Armour.
  1042 | D:3      | 1042 ||| Stepping ~*~*~tactically~*~*~ (outnumbered).
  1044 | D:3      | Reached skill level 1 in Throwing
  1044 | D:3      | Reached XP level 4. HP: 40/44 MP: 4/4
  1046 | D:3      | 1046 ||| Stepping ~*~*~tactically~*~*~ (outnumbered).
  1047 | D:3      | 1047 ||| Stepping ~*~*~tactically~*~*~ (outnumbered).
  1048 | D:3      | 1048 ||| Stepping ~*~*~tactically~*~*~ (outnumbered).
  1049 | D:3      | 1049 ||| Stepping ~*~*~tactically~*~*~ (outnumbered).
  1050 | D:3      | 1050 ||| Stepping ~*~*~tactically~*~*~ (outnumbered).
  1051 | D:3      | 1051 ||| Stepping ~*~*~tactically~*~*~ (outnumbered).
  1052 | D:3      | 1052 ||| Stepping ~*~*~tactically~*~*~ (outnumbered).
  1053 | D:3      | 1053 ||| Stepping ~*~*~tactically~*~*~ (hiding).
  1255 | D:3      | Reached skill level 5 in Unarmed Combat
  1396 | D:3      | Reached XP level 5. HP: 50/50 MP: 5/5
  1790 | D:3      | 1790 ||| UPGRADING to +0 cloak.
  1795 | D:3      | 1795 ||| UPGRADING to +4 ring of evasion.
  1796 | D:3      | 1796 ||| READING scroll labelled JISAUNL ATOE.
  1817 | D:3      | 1817 ||| READING scroll labelled JUADGH UXIOGGELL.
  1918 | D:3      | 1918 ||| READING scroll labelled BEODWA SUUST.
  1919 | D:3      | 1919 ||| READING scroll labelled BIUWATS USAEN.
  1920 | D:3      | 1920 ||| READING scroll labelled JAFOXI VOUTHRUB.
  1921 | D:3      | 1921 ||| READING 3 scrolls of identify.
  1921 | D:3      | 1921 ||| IDENTIFYING bubbling sapphire potion
  1922 | D:3      | 1922 ||| READING 2 scrolls of identify.
  1922 | D:3      | 1922 ||| IDENTIFYING silvery potion
  1923 | D:3      | 1923 ||| DROPPING potion of magic.
  1924 | D:3      | 1924 ||| READING 3 scrolls of teleportation.
  1948 | D:4      | 1948 ||| STAIRDANCE
  1954 | D:4      | 1954 ||| STAIRDANCE
  2049 | D:4      | Found Peyjae's Book Shoppe.
  2138 | D:4      | You fall into a shaft and drop 2 floors!
  2156 | D:6      | Found a hide-covered altar of Uskayaw.
  2167 | D:6      | 2167 ||| Stepping ~*~*~tactically~*~*~ (hiding).
  2173 | D:6      | 2173 ||| INVOKING Fiery Armour.
  2187 | D:6      | Reached skill level 6 in Unarmed Combat
  2206 | D:5      | Entered Level 5 of the Dungeon
  2208 | D:5      | Noticed a centaur
  2214 | D:5      | Killed a centaur
  2215 | D:5      | Reached XP level 6. HP: 50/59 MP: 6/6
  2419 | D:5      | Reached skill level 7 in Unarmed Combat
  2434 | D:5      | Reached XP level 7. HP: 66/66 MP: 7/7
  2472 | D:5      | 2472 ||| READING scroll labelled ACIUPE KUIKHISCH.
  2472 | D:5      | Identified a scroll of acquirement
  2472 | D:5      | 2472 ||| ACQUIRING 982 gold pieces
  2472 | D:5      | Acquired 982 gold pieces
  2489 | D:5      | Reached skill level 8 in Unarmed Combat
  2498 | D:4      | Noticed Edmund
  2512 | D:4      | 2512 ||| INVOKING Fiery Armour.
  2515 | D:4      | Killed Edmund
  2516 | D:4      | Reached skill level 3 in Fighting
  2634 | D:4      | Reached skill level 3 in Throwing
  2857 | D:5      | Found a staircase to the Ecumenical Temple.
  2858 | D:5      | 2858 ||| INVOKING Fiery Armour.
  2868 | D:5      | Reached XP level 8. HP: 67/75 MP: 8/8
  3243 | D:5      | 3243 ||| UPGRADING to ring of willpower.
  3245 | D:5      | 3245 ||| DRINKING 3 brown potions.
  3246 | D:5      | 3246 ||| DRINKING 3 fizzy cyan potions.
  3247 | D:5      | 3247 ||| DRINKING 2 yellow potions.
  3248 | D:5      | 3248 ||| DRINKING 2 smoky emerald potions.
  3287 | D:5      | 3287 ||| READING 4 scrolls of identify.
  3287 | D:5      | 3287 ||| IDENTIFYING metallic golden potion
  3288 | D:5      | 3288 ||| READING 3 scrolls of identify.
  3288 | D:5      | 3288 ||| IDENTIFYING purple potion
  3289 | D:5      | 3289 ||| DROPPING 2 potions of brilliance.
  3290 | D:5      | 3290 ||| DROPPING potion of flight.
  3291 | D:5      | 3291 ||| DROPPING potion of lignification.
  3339 | D:6      | Reached skill level 9 in Unarmed Combat
  3347 | D:6      | Reached skill level 1 in Dodging
  3411 | D:6      | Noticed Menkaure
  3413 | D:6      | Killed Menkaure
  3608 | D:6      | 3608 ||| Stepping ~*~*~tactically~*~*~ (hiding).
  3664 | D:6      | Reached skill level 10 in Unarmed Combat
  3699 | D:6      | 3699 ||| Stepping ~*~*~tactically~*~*~ (stealth).
  3756 | D:6      | Identified the +0 whip of Anguish {protect, rElec rF+ rC++
                  | Int-5}
  3921 | D:6      | Noticed Prince Ribbit
  3930 | D:6      | Killed Prince Ribbit
  3942 | D:7      | 3942 ||| PLANNING OSSUARY
  3943 | D:7      | 3943 ||| Stepping ~*~*~tactically~*~*~ (hiding).
  3949 | D:7      | 3949 ||| STAIRDANCE
  4053 | D:7      | Found a sand-covered staircase.
  4063 | Ossuary  | Entered an ossuary
  4067 | Ossuary  | 4067 ||| Stepping ~*~*~tactically~*~*~ (stealth).
  4070 | Ossuary  | 4070 ||| Stepping ~*~*~tactically~*~*~ (outnumbered).
  4072 | Ossuary  | 4072 ||| Stepping ~*~*~tactically~*~*~ (outnumbered).
  4073 | Ossuary  | 4073 ||| Stepping ~*~*~tactically~*~*~ (outnumbered).
  4074 | Ossuary  | 4074 ||| Stepping ~*~*~tactically~*~*~ (outnumbered).
  4075 | Ossuary  | 4075 ||| Stepping ~*~*~tactically~*~*~ (outnumbered).
  4077 | Ossuary  | 4077 ||| Stepping ~*~*~tactically~*~*~ (outnumbered).
  4088 | Ossuary  | Reached XP level 9. HP: 81/85 MP: 9/9
  4146 | Ossuary  | 4146 ||| Stepping ~*~*~tactically~*~*~ (outnumbered).
  4239 | D:7      | 4239 ||| PLANNING D:1-11
  4266 | D:7      | Noticed a two-headed ogre
  4274 | D:7      | 4274 ||| INVOKING Fiery Armour.
  4275 | D:7      | Killed a two-headed ogre
  4276 | D:7      | Reached skill level 11 in Unarmed Combat
  4568 | D:7      | Found a glowing golden altar of the Shining One.
  4715 | D:7      | 4715 ||| Stepping ~*~*~tactically~*~*~ (hiding).
  4858 | D:7      | Reached skill level 12 in Unarmed Combat
  5107 | D:7      | 5107 ||| UPGRADING to amulet of reflection.
  5166 | D:8      | Noticed a two-headed ogre
  5172 | D:8      | Killed a two-headed ogre
  5173 | D:8      | Reached XP level 10. HP: 78/96 MP: 10/10
  5238 | D:8      | Noticed Joseph
  5239 | D:8      | 5239 ||| FLEEEEING.
  5240 | D:8      | 5240 ||| FLEEEEING.
  5241 | D:8      | 5241 ||| FLEEEEING.
  5242 | D:8      | 5242 ||| FLEEEEING.
  5243 | D:8      | 5243 ||| FLEEEEING.
  5244 | D:8      | 5244 ||| FLEEEEING.
  5245 | D:8      | 5245 ||| FLEEEEING.
  5246 | D:8      | 5246 ||| FLEEEEING.
  5247 | D:8      | 5247 ||| FLEEEEING.
  5248 | D:8      | 5248 ||| FLEEEEING.
  5251 | D:8      | 5251 ||| FLEEEEING.
  5252 | D:8      | 5252 ||| FLEEEEING.
  5253 | D:8      | 5253 ||| FLEEEEING.
  5254 | D:8      | 5254 ||| FLEEEEING.
  5255 | D:8      | 5255 ||| FLEEEEING.
  5256 | D:8      | 5256 ||| FLEEEEING.
  5257 | D:8      | 5257 ||| FLEEEEING.
  5258 | D:8      | 5258 ||| FLEEEEING.
  5259 | D:8      | 5259 ||| FLEEEEING.
  5260 | D:8      | 5260 ||| FLEEEEING.
  5261 | D:8      | 5261 ||| FLEEEEING.
  5262 | D:8      | 5262 ||| FLEEEEING.
  5275 | D:8      | 5275 ||| INVOKING Fiery Armour.
  5279 | D:8      | Killed Joseph
  5389 | D:8      | 5389 ||| Stepping ~*~*~tactically~*~*~ (stealth).
  5392 | D:8      | 5392 ||| INVOKING Fiery Armour.
  5395 | D:8      | 5395 ||| Stepping ~*~*~tactically~*~*~ (outnumbered).
  5397 | D:8      | 5397 ||| Stepping ~*~*~tactically~*~*~ (outnumbered).
  5406 | D:8      | Reached skill level 13 in Unarmed Combat
  5406 | D:8      | 5406 ||| FLEEEEING.
  5407 | D:8      | 5407 ||| FLEEEEING.
  5408 | D:8      | 5408 ||| FLEEEEING.
  5409 | D:8      | 5409 ||| FLEEEEING.
  5410 | D:8      | 5410 ||| FLEEEEING.
  5411 | D:8      | 5411 ||| FLEEEEING.
  5412 | D:8      | 5412 ||| FLEEEEING.
  5413 | D:8      | 5413 ||| FLEEEEING.
  5414 | D:8      | 5414 ||| FLEEEEING.
  5415 | D:8      | 5415 ||| FLEEEEING.
  5416 | D:8      | 5416 ||| FLEEEEING.
  5417 | D:8      | 5417 ||| FLEEEEING.
  5418 | D:8      | 5418 ||| FLEEEEING.
  5419 | D:8      | 5419 ||| FLEEEEING.
  5420 | D:8      | 5420 ||| FLEEEEING.
  5421 | D:8      | 5421 ||| FLEEEEING.
  5422 | D:8      | 5422 ||| FLEEEEING.
  5424 | D:8      | 5424 ||| FLEEEEING.
  5425 | D:8      | 5425 ||| STAIRDANCE
  5454 | D:7      | 5454 ||| READING 3 scrolls of identify.
  5454 | D:7      | 5454 ||| IDENTIFYING green potion
  5455 | D:7      | 5455 ||| DROPPING potion of degeneration.
  5458 | D:8      | 5458 ||| Stepping ~*~*~tactically~*~*~ (outnumbered).
  5459 | D:8      | 5459 ||| Stepping ~*~*~tactically~*~*~ (outnumbered).
  5460 | D:8      | 5460 ||| Stepping ~*~*~tactically~*~*~ (outnumbered).
  5463 | D:8      | 5463 ||| Stepping ~*~*~tactically~*~*~ (outnumbered).
  5540 | D:8      | Found a blossoming altar of Fedhas.
  5579 | D:8      | Reached skill level 1 in Armour
  5594 | D:8      | Found a stormy altar of Qazlal.
  5599 | D:8      | Found a sparkling altar of Nemelex Xobeh.
  5602 | D:8      | Found an iron altar of Okawaru.
  5602 | D:8      | Found a sacrificial altar of Ru.
  5609 | D:8      | Found a shimmering altar of Xom.
  5611 | D:8      | 5611 ||| Stepping ~*~*~tactically~*~*~ (stealth).
  5617 | D:8      | 5617 ||| Stepping ~*~*~tactically~*~*~ (outnumbered).
  5618 | D:8      | 5618 ||| Stepping ~*~*~tactically~*~*~ (outnumbered).
  5623 | D:8      | 5623 ||| Stepping ~*~*~tactically~*~*~ (outnumbered).
  5624 | D:8      | 5624 ||| Stepping ~*~*~tactically~*~*~ (outnumbered).
  5626 | D:8      | 5626 ||| FLEEEEING.
  5628 | D:8      | 5628 ||| Stepping ~*~*~tactically~*~*~ (outnumbered).
  5714 | D:8      | Noticed a skeletal warrior
  5727 | D:8      | 5727 ||| INVOKING Fiery Armour.
  5731 | D:8      | HP: 24/96 [skeletal warrior/+0 flail (14)]
  5732 | D:8      | 5732 ||| Stepping ~*~*~tactically~*~*~ (stealth).
  5736 | D:8      | HP: 6/96 [skeletal warrior/+0 flail (22)]
  5737 | D:8      | 5737 ||| READING 5 scrolls of teleportation.
  5737 | D:8      | Demolished by a skeletal warrior

Levels and vault maps discovered:
D:1:      doesnt_arrival_eight_statues, layout_rooms
D:2:      minmay_alternating_diamond, layout_rooms, basic_altar,
          shapermc_ecumenical_altar_pompeii, corexii_leaking_fountain,
          minmay_domino_2
D:3:      layout_basic, eino_tiny_chamber
D:4:      layout_cave_pools, serial_shops, shop, uniq_edmund
D:5:      layout_loops_ring, minmay_temple_entry_crystal_x, dk_vineyard_1
D:6:      layout_loops_ring, eat_drink_and_be_merry_uskayaw, st_stairs_5,
          minmay_splitting_lines, amcnicky_mini_corridor_feature,
          dreamdust_mushroom_princess, uniq_menkaure, uniq_prince_ribbit1
D:7:      layout_basic, tso_altar, nicolae_ossuary_entry_giza,
          kennysheep_cluttered_room
D:8:      layout_gridville, lemuel_doored_altar, kennysheep_mini,
          nicolae_overflow_hallway_of_the_gods, mainiacjoe_overflow_big_doors,
          lair_entry_dummy, minmay_guarded_unrand_finisher, uniq_joseph

Skill      XL: |  1  2  3  4  5  6  7  8  9 10 |
---------------+-------------------------------+-----
Unarmed Combat | 4 5 6 7 8 10 12 13 | 13.1
Throwing       | 1 2 3 4 |  4.9
Fighting       | 3 4 5 |  5.0
Dodging        | 1 |  1.1
Armour         | 1 |  1.2
Spellcasting   | |  1.0
Fire Magic     | |  2.1

Action                   |  1- 3 |  4- 6 |  7- 9 | 10-12 || total
-------------------------+-------+-------+-------+-------++-------
Melee: Unarmed           |    79 |    60 |   176 |    70 ||   385
       Punch             |     2 |     2 |     7 |     3 ||    14
Throw: Large rock        |     2 |    27 |    42 |     2 ||    73
       Javelin           |       |       |     5 |     5 ||    10
       Boomerang         |       |       |    13 |     9 ||    22
Invok: Fiery Armour      |     1 |     1 |     3 |     3 ||     8
  Use: Scroll            |     6 |     8 |     3 |     2 ||    19
       Potion            |     1 |       |     4 |       ||     5
Armor: Robe              |    24 |    17 |    25 |    20 ||    86
Dodge: Dodged            |    29 |    43 |    82 |    36 ||   190
Block: Other             |       |       |       |    15 ||    15
       Reflection        |       |       |       |     1 ||     1

Table legend:
 A = Non-vault XP
 B = Vault XP
 C = Vault XP percentage of total XP
 D = Non-vault monster count
 E = Vault monster count
 F = Vault count percentage of total count
                 A         B        C        D         E       F
            +---------+---------+-------+---------+---------+-------
      Total |    5782 |    1346 |  18.9 |     134 |      31 |  18.8
            +---------+---------+-------+---------+---------+-------
        D:1 |      36 |       0 |   0.0 |      19 |       0 |   0.0
        D:2 |      14 |      10 |  41.7 |       9 |       6 |  40.0
        D:3 |     155 |       0 |   0.0 |      21 |       0 |   0.0
        D:4 |     181 |     166 |  47.8 |       8 |       1 |  11.1
        D:5 |     876 |       0 |   0.0 |      20 |       0 |   0.0
        D:6 |     579 |     495 |  46.1 |      18 |       4 |  18.2
        D:7 |    1827 |      20 |   1.1 |      13 |       3 |  18.8
        D:8 |    2114 |     466 |  18.1 |      26 |       1 |   3.7
    Ossuary |       0 |     189 | 100.0 |       0 |      16 | 100.0
            +---------+---------+-------+---------+---------+-------
